 Dungeon Crawl Stone Soup version 0.25-a0-992-gca090100c3 (webtiles) character file.

Game seed: 11715682947888145878, levelgen mode: classic

13989 Amnesiac the Frost Mage (level 11, -32/54 HPs)
             Began as a Deep Elf Ice Elementalist on May 10, 2020.
             Was a High Priest of Vehumet.
             Hit by a large rock thrown by a stone giant (40 damage)
             ... on level 1 of the Orcish Mines.
             The game lasted 00:29:02 (12726 turns).

Amnesiac the Frost Mage (DEIE)                     Turns: 12726, Time: 00:29:03

Health: -32/54     AC:  6    Str:  5    XL:     11   Next: 82%
Magic:  36/36      EV: 17    Int: 24    God:    Vehumet [*****.]
Gold:   933        SH:  0    Dex: 15    Spells: 5/30 levels left

rFire    . . .     SeeInvis .   b - +1 falchion (elec)
rCold    . . .     Gourm    .   (no shield)
rNeg     . . .     Faith    .   y - +0 robe
rPois    .         Spirit   .   x - +0 helmet
rElec    .         Reflect  .   (no cloak)
rCorr    .         Harm     .   o - +1 pair of gloves
MR       +....                  r - +0 pair of boots
Stlth    +.........             (no amulet)
HPRegen  0.18/turn              l - ring of flight
MPRegen  0.25/turn              t - ring of magical power

@: confused, stab
A: no striking features
a: Renounce Religion, Evoke Flight


You were on level 1 of the Orcish Mines.
You worshipped Vehumet.
Vehumet was extremely pleased with you.
You were not hungry.

You visited 2 branches of the dungeon, and saw 11 of its levels.

You collected 933 gold pieces.

Inventory:

Hand Weapons
 a - a +4 fustibalus
 b - a +1 falchion of electrocution (weapon)
Missiles
 h - 12 curare-tipped darts (quivered)
 j - 264 stones
 n - 31 poisoned darts
 w - 24 sling bullets
Armour
 o - a +1 pair of gloves (worn)
 r - a +0 pair of boots (worn)
 x - a +0 helmet (worn)
 y - a +0 robe (worn)
 I - a +0 troll leather armour
Jewellery
 l - a ring of flight (left hand)
 t - a ring of magical power (right hand)
 C - an uncursed ring of teleportation
Wands
 p - a wand of digging (5)
 s - a wand of acid (18)
 u - a wand of clouds (4)
 D - a wand of flame (29)
 E - a wand of iceblast (6)
Scrolls
 f - 11 scrolls of remove curse {!r}
 g - 9 scrolls of teleportation {!r}
 m - a scroll of fear {!r}
 A - a scroll of fog {!r}
 B - a scroll of enchant armour {!r}
 F - a scroll of blinking {!r}
 H - a scroll of magic mapping {!r}
Potions
 d - 3 potions of flight {!q}
 e - a potion of berserk rage {!q}
 i - a potion of heal wounds {!q}
 k - a potion of might {!q}
 q - a potion of cancellation {!q}
 v - 2 potions of mutation {!q, unknown}
 z - 2 potions of stabbing {!q}
 J - a potion of curing {!q, unknown}
Comestibles
 c - 14 rations
 G - 10 chunks of flesh


   Skills:
 + Level 7.6 Dodging
 - Level 3.0 Stealth
 + Level 10.3 Spellcasting
 * Level 12.7 Ice Magic
 * Level 12.6 Earth Magic
 - Level 3.0 Evocations


You had 5 spell levels left.
You knew the following spells:

 Your Spells              Type           Power        Failure   Level  Hunger
a - Freeze                Ice            ####         1%          1    None
b - Frozen Ramparts       Ice            ######       1%          3    None
c - Summon Ice Beast      Ice/Summ       #####...     3%          4    #......
d - Lee's Rapid Deconstr  Erth           ######....   1%          5    ####...
e - Sandblast             Erth           ######       1%          1    None
f - Iron Shot             Conj/Erth      #####.....   16%         6    ######.
v - Blink                 Tloc           N/A          8%          2    None
z - Ozocubu's Armour      Chrm/Ice       #####...     1%          3    None

Your spell library contained the following spells:

 Spells                   Type           Power        Failure   Level  Hunger
 Magic Dart               Conj           ##..         1%          1    None
 Hailstorm                Conj/Ice       #####...     1%          4    #......
 Animate Skeleton         Necr           N/A          4%          1    None
 Apportation              Tloc           ##....       4%          1    None
 Corona                   Hex            ##.....      4%          1    None
 Summon Small Mammal      Summ           ##..         4%          1    None
 Conjure Flame            Conj/Fire      ##......     4%          3    None
 Mephitic Cloud           Conj/Pois/Air  ##......     4%          3    None
 Bolt of Magma            Conj/Fire/Erth ####......   7%          5    ####...
 Call Imp                 Summ           ##......     8%          2    None
 Slow                     Hex            ##......     8%          2    None
 Iskenderun's Battlesphe  Conj/Chrm      ##......     32%         5    ####...
 Orb of Destruction       Conj           ##........   100%        7    #######
 Spellforged Servitor     Conj/Summ      ##........   100%        7    #######


Dungeon Overview and Level Annotations

Branches:
Dungeon (10/15)            Temple (0/1) D:5            Lair (0/6) D:8
    Orc (1/2) D:10

Altars:
Elyvilon
Kikubaaqudgha
Nemelex Xobeh
Okawaru
Qazlal
Ru
Sif Muna
Vehumet

Shops:
D:5 (   D:7 :


Message History

Eating one of 3 chunks of flesh.
You eat one of the 3 chunks of flesh.
This raw flesh tastes terrible.
All of the chunks of flesh in your inventory have rotted away.
Key pressed, stopping explore.
Key pressed, stopping explore.
Items here: )) [ † a +0 hand axe; a +0 plate armour; a +0 flail; an orc corpse You butcher the orc corpse.
G - 4 chunks of flesh
Items here: )) [ ÷ a +0 hand axe; a +0 plate armour; a +0 flail; an orc skeleton
Items here: )) [ ÷ a +0 hand axe; a +0 plate armour; a +0 flail; an orc skeleton You now have 899 gold pieces (gained 97).
Items here: )))) [[[ ††† You butcher the orc corpse.
G - 5 chunks of flesh (gained 1)
You butcher the orc corpse.
G - 8 chunks of flesh (gained 3)
You butcher the orc corpse.
G - 10 chunks of flesh (gained 2)
Items here: )))) [[[ ÷÷÷ x2
Items here: ) ††† a +0 whip; an orc corpse x3
Items here: ))) [[ ††
Things that are here:
a +0 club; a +0 scale mail You now have 933 gold pieces (gained 34).
You see here a +0 club.
Things that are here:
a +0 hand axe; a +0 chain mail You see here a +0 club.
An orc wizard comes into view. It is wielding a +0 dagger.
An orc wizard is nearby!
An orc wizard is nearby!
An orc wizard is nearby!
An orc wizard is nearby!
An orc wizard is nearby!
An orc wizard is nearby!
An orc high priest, an ogre and a stone giant come into view.
The orc wizard shouts!
The stone giant shouts!
The ogre shouts!
You hear a shout! x7
Found 30 gold pieces.
The stone giant throws a large rock.
The large rock hits you!!!
Ouch! That really hurt!
* * * LOW HITPOINT WARNING * * *
You see here a large rock.
The orc wizard points at you and mumbles some strange words.
The magic dart hits you.
* * * LOW HITPOINT WARNING * * *
The orc wizard casts a spell.
The orc wizard flickers and vanishes!
Deactivating autopickup; reactivate with Ctrl-A.
You are confused.
You're too confused!
Okay, then.
You're too confused!
Unknown command.
Really quaff
z - 3 murky ruby potions {!q}?
It was a potion of stabbing {!q}.
You feel ready to backstab.
The stone giant throws a large rock.
The large rock hits you!!!
Ouch! That really hurt!
You die...

............................o
.............................
#......................C.....
##...........................
##.#........................
#...........................
###..#..............(........
.#..........................#
###..##.##......@.####...##..
# ####......####### ...# .
##.##### ...≈# ### $..≈≈≈
..≈≈≈≈ ≈≈≈#


You could see a stone giant.

Vanquished Creatures
  Gastronok (D:9)
  2 two-headed ogres
  Urug (D:10)
  Sonja (D:10)
  An unseen horror (D:10)
  The ghost of FrogZ the Cleaver, a novice DsBe of Trog (D:6)
  Prince Ribbit (D:8)
  4 trolls
  Grinder (D:3)
  3 hippogriffs
  6 yaks (D:9)
  A warg (Orc:1)
  Edmund (D:4)
  A water moccasin (D:10)
  5 ice beasts
  5 sky beasts
  8 orc warriors
  5 ogres
  3 phantoms
  A necrophage (D:6)
  6 centaurs
  A big kobold (D:8)
  5 bullfrogs
  3 scorpions
  9 killer bees
  8 wights
  3 howler monkeys
  2 crimson imps
  2 bullfrog zombies
  15 orc priests
  A bullfrog skeleton (D:7)
  4 hounds
  6 jellies
  3 centaur skeletons
  Jessica (D:2)
  Ijyb (D:3)
  9 orc wizards
  5 iguanas
  4 worker ants
  A howler monkey zombie (D:5)
  Robin (D:3)
  6 gnolls (D:5)
  11 adders
  3 shadow imps
  7 oozes
  3 worms (D:2)
  6 leopard geckos
  66 orcs
  2 ball pythons
  4 bats
  6 giant cockroaches
  15 goblins
  15 hobgoblins
  11 jackals
  5 quokkas
  5 frilled lizards
  A jackal skeleton (D:6)
  7 kobolds
  2 leopard gecko skeletons
  2 quokka skeletons
  5 rats
324 creatures vanquished.

Notes
Turn   | Place    | Note
-------+----------+-------------------------------------------
     0 | D:1      | Amnesiac the Deep Elf Ice Elementalist began the quest for
                  | the Orb.
     0 | D:1      | Reached XP level 1. HP: 10/10 MP: 6/6
   338 | D:3      | Reached XP level 2. HP: 15/15 MP: 6/8
   442 | D:3      | Found a radiant altar of Vehumet.
   445 | D:3      | Noticed Ijyb
   448 | D:3      | Became a worshipper of Vehumet
   451 | D:3      | Reached skill level 5 in Ice Magic
   490 | D:2      | Reached XP level 3. HP: 16/19 MP: 3/10
   495 | D:2      | Learned a level 3 spell: Frozen Ramparts
   499 | D:2      | Learned a level 3 spell: Ozocubu's Armour
  1600 | D:2      | Reached * piety under Vehumet
  1600 | D:2      | Offered knowledge of Sandblast by Vehumet.
  1653 | D:2      | Learned a level 1 spell: Sandblast
  1840 | D:2      | Noticed Jessica
  1847 | D:2      | Killed Jessica
  1847 | D:2      | Reached XP level 4. HP: 22/24 MP: 7/12
  2113 | D:2      | Reached skill level 1 in Earth Magic
  2265 | D:3      | Killed Ijyb
  2659 | D:3      | Noticed Robin
  2661 | D:3      | Reached XP level 5. HP: 28/28 MP: 9/13
  2670 | D:3      | Killed Robin
  3277 | D:4      | Noticed Edmund
  3286 | D:4      | Killed Edmund
  3286 | D:4      | Reached XP level 6. HP: 32/32 MP: 12/14
  3323 | D:4      | Noticed Grinder
  3431 | D:4      | Paralysed by Grinder for 4 turns
  3438 | D:3      | Paralysed by Grinder for 6 turns
  3680 | D:4      | Found a sparkling altar of Nemelex Xobeh.
  3784 | D:4      | Reached ** piety under Vehumet
  3784 | D:4      | Offered knowledge of Foxfire by Vehumet.
  3849 | D:4      | Reached skill level 1 in Evocations
  4013 | D:4      | Reached skill level 5 in Earth Magic
  4072 | D:5      | Entered Level 5 of the Dungeon
  4174 | D:4      | Found a sacrificial altar of Ru.
  4180 | D:4      | Learned a level 4 spell: Summon Ice Beast
  4540 | D:4      | Found a shimmering blue altar of Sif Muna.
  4940 | D:5      | Found a staircase to the Ecumenical Temple.
  4947 | D:5      | Reached XP level 7. HP: 29/36 MP: 11/15
  5086 | D:5      | Identified the cursed +0 scale mail of Boiling Hail {Int+4}
  5290 | D:5      | Offered knowledge of Conjure Flame by Vehumet.
  5338 | D:5      | Found Nesolimo's Antique Weapon Shop.
  5608 | D:5      | Found a radiant altar of Vehumet.
  5796 | D:5      | Reached *** piety under Vehumet
  6077 | D:6      | Learned a level 2 spell: Blink
  6110 | D:6      | Offered knowledge of Airstrike by Vehumet.
  6110 | D:6      | Reached skill level 5 in Spellcasting
  6110 | D:6      | Reached XP level 8. HP: 41/41 MP: 15/17
  6318 | D:6      | Found a runed translucent door.
  6321 | D:6      | Noticed FrogZ's ghost (novice DsBe)
  6598 | D:6      | Found an iron altar of Okawaru.
  6738 | D:6      | Killed FrogZ's ghost
  7029 | D:3      | Paralysed by Grinder for 7 turns
  7038 | D:3      | Killed Grinder
  7038 | D:3      | Reached XP level 9. HP: 8/45 MP: 16/20
  7506 | D:7      | Found Giecoxeh's Book Shoppe.
  7557 | D:7      | Reached **** piety under Vehumet
  7644 | D:7      | Found an ancient bone altar of Kikubaaqudgha.
  8160 | D:8      | Found a staircase to the Lair.
  8170 | D:8      | Noticed Prince Ribbit
  8174 | D:8      | Killed Prince Ribbit
  8174 | D:8      | Offered knowledge of Lee's Rapid Deconstruction by Vehumet.
  8188 | D:8      | Learned a level 5 spell: Lee's Rapid Deconstruction
  8296 | D:8      | Noticed a two-headed ogre
  8304 | D:8      | Killed a two-headed ogre
  8304 | D:8      | Reached skill level 10 in Ice Magic
  8304 | D:8      | Reached skill level 10 in Earth Magic
  8304 | D:8      | Reached XP level 10. HP: 47/50 MP: 21/23
  9058 | D:8      | Found a white marble altar of Elyvilon.
  9171 | D:8      | Reached skill level 5 in Dodging
 10107 | D:9      | Noticed Gastronok
 10134 | D:9      | Killed Gastronok
 10134 | D:9      | Reached XP level 11. HP: 51/54 MP: 12/26
 10307 | D:9      | Found a stormy altar of Qazlal.
 10328 | D:9      | Noticed a two-headed ogre
 10330 | D:9      | Killed a two-headed ogre
 10359 | D:9      | Reached ***** piety under Vehumet
 10423 | D:9      | Offered knowledge of Iron Shot by Vehumet.
 10431 | D:9      | Learned a level 6 spell: Iron Shot
 10730 | D:10     | Entered Level 10 of the Dungeon
 10741 | D:10     | Noticed Sonja
 10756 | D:10     | Killed Sonja
 10863 | D:10     | Found a staircase to the Orcish Mines.
 11203 | D:10     | Noticed Urug
 11226 | D:10     | Killed Urug
 11522 | D:10     | Killed an unseen horror
 11522 | D:10     | Reached skill level 10 in Spellcasting
 12243 | Orc:1    | Entered Level 1 of the Orcish Mines
 12720 | Orc:1    | Noticed a stone giant
 12720 | Orc:1    | Noticed an orc high priest
 12726 | Orc:1    | Hit by a large rock thrown by a stone giant

Illustrated notes

Levels and vault maps discovered:
D:1:      co_arrival_random_square_maze, layout_loops_corners
D:2:      layout_loops_ring, uniq_jessica
D:3:      minmay_razor_zed, layout_basic, vehumet_crystals, uniq_robin,
          uniq_ijyb
D:4:      layout_loops_ring, lemuel_coloured_pillars_altar,
          nicolae_ru_sacrificial_ziggurat, nemelex_diamond_rough_becter,
          uniq_grinder, uniq_edmund
D:5:      layout_basic, temple_green, serial_shops, shop, basic_altar,
          first_ration
D:6:      layout_gridville, okawaru_metal_pillars_3, ebering_ghost_sewer_d
D:7:      layout_basic, nicolae_overflow_crystal_walls, serial_shops,
          kennysheep_mini_moat
D:8:      layout_gridville, dpeg_oklobed_lair, basic_altar, uniq_prince_ribbit1
D:9:      layout_roguey, grunt_qazlal_clouds, uniq_gastronok
D:10:     layout_irregular_city, hiddenorc2_lemuel,
          hangedman_little_slice_of_home, statue_in_the_mist_lemuel, uniq_sonja,
          uniq_urug
Orc:1:    layout_caves, nicolae_orc_lava_tube, hangedman_feature_mirror

Skill      XL: |  1  2  3  4  5  6  7  8  9 10 11 |
---------------+----------------------------------+-----
Ice Magic      | 5 6 7 8 10 11 12 | 12.7
Spellcasting   | 4 5 6 7 9 10 | 10.3
Earth Magic    | 2 4 5 7 8 10 11 12 | 12.6
Stealth        | 3 |  3.0
Evocations     | 2 3 |  3.0
Dodging        | 4 6 7 |  7.6

Action                   |  1- 3 |  4- 6 |  7- 9 | 10-12 || total
-------------------------+-------+-------+-------+-------++-------
Melee: Unarmed           |     2 |       |       |       ||     2
       Whip              |       |     4 |       |       ||     4
       Hunting sling     |       |       |     2 |       ||     2
 Fire: Hunting sling     |       |    60 |    80 |     1 ||   141
       Fustibalus        |       |       |       |    68 ||    68
Throw: Dart              |       |       |       |     3 ||     3
 Cast: Freeze            |    50 |    45 |    47 |    47 ||   189
       Frozen Ramparts   |     3 |    13 |    20 |    29 ||    65
       Sandblast         |       |       |    56 |    32 ||    88
       Lee's Rapid Decon |       |       |       |    48 ||    48
       Ozocubu's Armour  |       |       |       |     2 ||     2
       Summon Ice Beast  |       |       |       |     5 ||     5
       Iron Shot         |       |       |       |     2 ||     2
Evoke: Wand              |       |       |       |     3 ||     3
  Use: Scroll            |       |     2 |    15 |     7 ||    24
       Potion            |       |       |       |     2 ||     2
  Eat: Chunk             |     3 |     9 |    11 |    23 ||    46
Armor: Robe              |     4 |    16 |    12 |    14 ||    46
Dodge: Dodged            |    25 |    51 |    37 |    88 ||   201
       Rpst.: Falchion   |       |       |       |     1 ||     1

Table legend:
 A = Non-vault XP
 B = Vault XP
 C = Vault XP percentage of total XP
 D = Non-vault monster count
 E = Vault monster count
 F = Vault count percentage of total count
                 A         B        C        D         E       F
            +---------+---------+-------+---------+---------+-------
      Total |   13983 |    6002 |  30.0 |     248 |      76 |  23.5
            +---------+---------+-------+---------+---------+-------
        D:1 |      10 |       0 |   0.0 |       6 |       0 |   0.0
        D:2 |      64 |      37 |  36.6 |      23 |       1 |   4.2
        D:3 |      36 |     349 |  90.6 |      16 |      26 |  61.9
        D:4 |     314 |     164 |  34.3 |      17 |       1 |   5.6
        D:5 |     753 |       0 |   0.0 |      29 |       0 |   0.0
        D:6 |     533 |     746 |  58.3 |      21 |       4 |  16.0
        D:7 |    1180 |       0 |   0.0 |      24 |       0 |   0.0
        D:8 |    2823 |     300 |   9.6 |      30 |       1 |   3.2
        D:9 |    3565 |    2182 |  38.0 |      33 |       1 |   2.9
       D:10 |    2618 |    2224 |  45.9 |      23 |      42 |  64.6
      Orc:1 |    2087 |       0 |   0.0 |      26 |       0 |   0.0
            +---------+---------+-------+---------+---------+-------
